Map: Lightshade LE

Players

Lambo - Winner!

  • Race: Zerg Zerg
  • League: Grandmaster

soul

  • Race: Terran Terran
  • League: Grandmaster

Event: DreamHack SC2 Masters 2021 Summer

VOD

Have the link to the VOD?

Description

Time

  • Played on: May 28, 2021, 11:56 a.m.
  • Length: 11:51

All games in this series

Show
View Real Time Build Order
Export as new Build Order

Lambo Zerg - Winner!

Build Orders: Pool First 

Get SALT Encoding   

  12  0:00  Drone  
  13  0:12  Overlord  
  13  0:17  Drone  
  14  0:31  Drone x2  
  14  0:34  Drone  
  17  0:43  Spawning Pool  
  17  0:47  Drone  
  17  1:08  Hatchery  
  17  1:10  Drone  
  17  1:12  Extractor  
  17  1:15  Drone  
  17  1:29  Queen  
  17  1:30  Zergling x2  
  17  1:32  Zergling x2  
  21  1:40  Overlord  
  21  1:50  Drone  
  22  2:03  Drone  
  22  2:05  Queen  
  25  2:14  Drone  
  26  2:20  Drone  
  27  2:23  Metabolic Boost  
  27  2:29  Hatchery  
  26  2:32  Drone  
  26  2:36  Drone  
  28  2:37  Drone  
  28  2:41  Drone  
  28  2:43  Drone  
  31  2:46  Drone  
  31  2:50  Overlord  
  32  2:58  Queen  
  34  3:00  Drone  
  34  3:04  Drone  
  36  3:09  Queen  
  36  3:12  Overlord  
  38  3:17  Drone x2  
  40  3:21  Drone x2  
  40  3:22  Drone  
  40  3:26  Drone  
  44  3:29  Overlord  
  44  3:34  Drone  
  44  3:35  Drone  
  44  3:38  Queen  
  48  3:42  Queen  
  50  3:50  Drone x4  
  50  3:53  Overlord  
  54  3:57  Overlord  
  54  3:59  Overlord  
  54  4:06  Zergling x4, Baneling Nest  
  54  4:09  Zergling x4  
  56  4:11  Overlord  
  56  4:16  Zergling x2, Overlord  
  57  4:22  Queen  
  57  4:24  Overlord  
  59  4:27  Drone  
  59  4:29  Spore Crawler  
  59  4:31  Zergling x2  
  59  4:32  Drone  
  59  4:33  Drone x2  
  59  4:37  Spore Crawler, Drone  
  63  4:40  Drone  
  63  4:41  Drone  
  63  4:45  Drone x3  
  68  4:48  Drone x2  
  68  4:50  Drone x2  
  72  4:53  Drone x2  
  72  4:58  Extractor  
  72  4:59  Lair  
  73  5:01  Drone x2  
  73  5:04  Overlord  
  73  5:05  Drone  
  76  5:09  Extractor  
  76  5:10  Overlord  
  76  5:11  Extractor, Drone  
  75  5:17  Drone x2  
  75  5:18  Drone  
  78  5:21  Hatchery  
  78  5:24  Drone x2  
  78  5:27  Drone x2  
  81  5:28  Drone  
  81  5:29  Drone  
  81  5:33  Evolution Chamber, Drone  
  83  5:36  Evolution Chamber  
  83  5:38  Drone  
  83  5:39  Drone x2  
  83  5:40  Drone x2  
  87  5:43  Queen  
  87  5:47  Drone x3  
  87  5:48  Drone  
  93  5:50  Overlord  
  93  5:56  Drone x3  
  96  6:00  Zergling x4  
  96  6:01  Zergling x6  
  96  6:02  Zerg Ground Armor Level 1  
  101  6:05  Centrifical Hooks  
  101  6:09  Zergling x2  
  101  6:10  Zergling x2  
  103  6:13  Zerg Melee Weapons Level 1  
  103  6:14  Drone x2  
  105  6:19  Drone  
  105  6:21  Zergling x4  
  108  6:26  Overlord  
  108  6:27  Zergling x8, Hatchery  
  111  6:33  Zergling x6  
  111  6:34  Spore Crawler, Baneling x3  
  113  6:43  Zergling x12, Baneling x3  
  119  6:51  Baneling x2  
  119  6:53  Drone x6  
  123  6:57  Spore Crawler  
  122  7:09  Hatchery  
  122  7:11  Spore Crawler  
  122  7:14  Zergling x28  
  133  7:21  Drone x3  
  133  7:22  Drone  
  129  7:23  Infestation Pit  
  129  7:27  Drone  
  129  7:30  Drone x2  
  129  7:36  Baneling x13  
  131  7:37  Baneling x10  
  131  7:40  Zergling x20  
  141  7:44  Overlord x2  
  139  7:53  Spore Crawler  
  139  7:55  Zergling x6  
  138  7:59  Zergling x12  
  138  8:02  Baneling x3  
  138  8:04  Hive  
  138  8:05  Zerg Ground Armor Level 2  
  142  8:07  Zergling x14  
  146  8:14  Zergling x16  
  150  8:20  Zergling x12  
  150  8:22  Zerg Melee Weapons Level 2  
  156  8:28  Drone x5  
  156  8:34  Spore Crawler  
  160  8:35  Zergling x6  
  160  8:36  Baneling x10  
  160  8:40  Zergling x2  
  164  8:41  Overlord x3  
  164  8:43  Overlord  
  157  8:50  Zergling x20  
  157  8:52  Extractor  
  157  8:53  Zergling x2  
  153  8:56  Zergling x8, Extractor  
  153  9:02  Zergling x12  
  155  9:04  Zergling x2  
  155  9:06  Baneling x13  
  155  9:07  Zergling x4  
  155  9:13  Zergling x18  
  155  9:16  Baneling x3  
  163  9:17  Zergling x10  
  163  9:22  Zergling x2  
  163  9:23  Queen x2  
  163  9:24  Queen x2  
  173  9:26  Drone x2  
  173  9:27  Drone x2  
  181  9:32  Adrenal Glands  
  181  9:33  Drone x2  
  181  9:34  Drone  
  183  9:40  Zergling x12  
  183  9:43  Queen  
  183  9:45  Hatchery, Baneling x6  
  190  9:49  Baneling x2  
  190  9:52  Zergling x12  
  195  10:06  Spore Crawler  
  194  10:10  Ultralisk Cavern  
  193  10:15  Zergling x6  
  193  10:19  Zergling x6  
  194  10:36  Zergling x2  
  194  10:37  Baneling  
  194  10:38  Overlord, Baneling x15  
  195  10:48  Hatchery  
  194  10:53  Extractor x2  
  192  11:03  Zergling x14  
  199  11:10  Zergling x18  
  193  11:12  Zergling x2  
  193  11:13  Zergling x20  
  193  11:17  Zergling x16  
  199  11:24  Zergling x2  
  199  11:25  Zergling x26  
  197  11:27  Zergling x6  
Show
View Real Time Build Order
Export as new Build Order

soul Terran 

Build Orders: Liberator Opening, Reaper Expand 

Get SALT Encoding   

  12  0:00  SCV  
  13  0:12  SCV  
  14  0:17  Supply Depot  
  14  0:24  SCV  
  15  0:39  SCV  
  15  0:40  Barracks  
  16  0:44  Refinery  
  16  0:51  SCV  
  17  1:03  SCV  
  18  1:15  SCV  
  19  1:28  Orbital Command, Reaper  
  20  1:40  Command Center  
  20  1:49  Supply Depot  
  20  1:54  SCV  
  20  2:00  Marine  
  22  2:06  SCV  
  23  2:10  Factory  
  23  2:18  SCV  
  24  2:22  Bunker  
  24  2:23  Barracks Reactor  
  24  2:24  Refinery  
  24  2:31  SCV  
  25  2:43  SCV  
  26  2:51  Orbital Command  
  26  2:54  Factory Tech Lab  
  26  2:55  SCV  
  27  2:59  Marine  
  27  3:00  Marine  
  27  3:03  Starport  
  29  3:09  SCV  
  33  3:21  SCV  
  33  3:25  SCV  
  32  3:30  Hellion x2, Supply Depot  
  32  3:33  SCV  
  37  3:37  SCV  
  37  3:40  Liberator  
  41  3:45  SCV  
  42  3:49  SCV  
  42  3:51  Hellion  
  42  3:52  Hellion  
  42  3:54  Supply Depot  
  42  3:55  Stimpack  
  47  3:57  SCV  
  47  4:01  SCV  
  49  4:09  SCV  
  50  4:13  SCV  
  51  4:17  Hellion x2, Supply Depot  
  51  4:21  SCV  
  56  4:25  SCV  
  56  4:28  Command Center, Marine  
  56  4:30  Starport Reactor  
  58  4:33  SCV  
  58  4:38  SCV  
  60  4:45  SCV  
  60  4:50  SCV  
  62  4:53  Barracks  
  62  4:54  Barracks  
  62  4:55  Engineering Bay  
  62  4:56  Engineering Bay  
  62  4:58  Marine, Supply Depot, SCV  
  64  5:02  SCV  
  64  5:06  Refinery x2  
  65  5:10  SCV  
  65  5:13  Starport Reactor  
  67  5:14  SCV  
  67  5:15  Factory Tech Lab  
  67  5:21  Supply Depot  
  67  5:22  Supply Depot, SCV  
  67  5:23  Terran Infantry Weapons Level 1, Terran Infantry Armor Level 1  
  67  5:24  Marine  
  67  5:26  SCV  
  70  5:34  SCV  
  70  5:35  Siege Tank  
  74  5:36  Combat Shield  
  74  5:40  Marine x2  
  74  5:42  Orbital Command, Marine  
  77  5:43  SCV  
  78  5:52  Medivac x2  
  78  5:54  Marine x2  
  78  5:55  SCV  
  85  5:58  Marine x2, SCV  
  85  6:00  Marine  
  89  6:06  Orbital Command  
  89  6:07  SCV  
  89  6:08  Siege Tank  
  91  6:12  Marine x2  
  91  6:17  Supply Depot  
  93  6:18  Supply Depot, Marine  
  93  6:19  Armory  
  93  6:20  Marine  
  93  6:21  SCV  
  93  6:22  Marine  
  93  6:23  SCV  
  98  6:29  Marine  
  99  6:33  SCV  
  99  6:35  SCV  
  99  6:37  SCV  
  99  6:39  Barracks  
  102  6:41  Barracks  
  102  6:43  Marine  
  102  6:44  Marine  
  102  6:46  Marine, SCV  
  106  6:47  SCV  
  106  6:49  SCV  
  106  6:50  Marine  
  106  6:52  Siege Tank  
  106  6:54  Marine  
  109  6:58  SCV  
  109  6:59  SCV  
  109  7:01  Marine, SCV  
  113  7:04  Medivac x2  
  113  7:07  Marine x2  
  113  7:08  Supply Depot  
  120  7:09  Supply Depot  
  120  7:11  Marine  
  120  7:14  Marine  
  122  7:19  Marine  
  122  7:23  SCV x2  
  122  7:25  Marine  
  122  7:29  Siege Tank, Marine x2  
  130  7:32  Supply Depot  
  130  7:33  Supply Depot  
  130  7:34  Barracks Reactor  
  130  7:35  Barracks Reactor  
  130  7:36  Marine  
  131  7:38  Medivac x2  
  131  7:43  Marine  
  137  7:47  Marine  
  137  7:48  Marine  
  137  7:49  Marine  
  137  7:50  Command Center  
  139  7:56  Terran Infantry Weapons Level 2, Marine  
  137  8:01  Marine  
  137  8:04  Supply Depot  
  137  8:05  Marine  
  139  8:06  Marine  
  139  8:07  Marine, Supply Depot  
  139  8:08  Medivac x2  
  130  8:13  Terran Infantry Armor Level 2  
  130  8:14  Marine  
  130  8:15  Marine  
  130  8:16  SCV x2  
  130  8:18  SCV  
  130  8:19  Marine  
  130  8:22  Marine  
  130  8:24  Marine  
  132  8:27  Marine  
  132  8:28  SCV  
  132  8:29  SCV  
  132  8:32  Supply Depot  
  132  8:33  Marine  
  130  8:34  SCV  
  130  8:38  Medivac  
  130  8:40  Marine, SCV  
  130  8:41  Marine, SCV  
  134  8:46  SCV  
  136  8:52  Marine  
  136  8:53  SCV x2  
  126  8:57  Marine x2  
  126  8:58  SCV  
  126  8:59  Marine  
  116  9:05  SCV x2  
  116  9:08  Siege Tank  
  121  9:11  SCV  
  122  9:17  SCV x2  
  122  9:23  SCV  
  125  9:25  Factory  
  125  9:29  SCV x2  
  125  9:30  Marine  
  125  9:31  Marine  
  129  9:33  Marine x2  
  129  9:35  Sensor Tower, Marine x2, SCV  
  130  9:41  SCV x2  
  131  9:47  Siege Tank, SCV  
  135  9:53  SCV x2  
  135  9:54  Bunker  
  135  9:57  Barracks  
  135  9:59  SCV  
  138  10:00  Barracks  
  138  10:01  Barracks, Planetary Fortress  
  138  10:02  Supply Depot  
  138  10:05  SCV x2  
  140  10:10  Drilling Claws, Factory Reactor  
  140  10:11  SCV  
  141  10:17  SCV  
  141  10:20  Widow Mine  
  139  10:25  Marine  
  139  10:26  Marauder  
  139  10:28  Supply Depot, SCV x2  
  141  10:32  SCV  
  141  10:35  Medivac  
  144  10:39  SCV  
  144  10:40  SCV x2  
  144  10:41  Widow Mine  
  149  10:44  SCV  
  149  10:47  Marauder  
  152  10:51  SCV  
  152  10:52  Refinery  
  152  10:54  Widow Mine  
  155  10:57  Refinery  
  155  10:59  SCV x3  
  155  11:00  Sensor Tower  
  155  11:01  Barracks Tech Lab x2  
  155  11:02  Command Center  
  155  11:04  SCV  
  159  11:09  Marine x2  
  159  11:11  SCV x3  
  160  11:15  Widow Mine  
  160  11:16  Widow Mine  
  139  11:23  SCV x3  
  139  11:24  Widow Mine  
  132  11:35  SCV  
  132  11:38  Command Center  
Tags
 
Add a new tag
Caveats
  • Supply blocks, unpowered buildings, or Contaminate may cause inaccurate times.
  • Supply counts are checked every 10 seconds.